 Dungeon Crawl Stone Soup version 0.29-a0-582-ge82337ba6a (webtiles) character file.

Game seed: 7206799305230960773

410 bande the Shield-Bearer (level 6, -6/39 HPs)
             Began as a Gargoyle Fighter on June 14, 2022.
             Mangled by Menkaure (9 damage)
             ... on level 4 of the Dungeon.
             The game lasted 00:04:42 (3928 turns).

bande the Shield-Bearer (Gargoyle Fighter)          Turns: 3928, Time: 00:04:42

Health: -6/39      AC: 13    Str: 20    XL:     6   Next: 89%
Magic:  6/6        EV:  4    Int:  8    God:
Gold:   219        SH: 13    Dex: 11    Spells: 5/5 levels left

rFire   . . .      SeeInvis .   a - +0 war axe
rCold   . . .      Faith    .   o - +1 tower shield
rNeg    + . .      Spirit   .   e - +0 chain mail
rPois   ∞          Reflect  .   (no helmet)
rElec   +          Harm     .   (no cloak)
rCorr   .          Rampage  .   (no gloves)
Will    .....                   (no boots)
Stlth   ..........              (no amulet)
HPRegen 0.13/turn               (no ring)
MPRegen 0.10/turn               (no ring)

@: no status effects
A: sickness immunity, AC +4, negative energy resistance 1, electricity
resistance, torment resistance 1, petrification resistance
a: no special abilities


You were on level 4 of the Dungeon.
You visited 1 branch of the dungeon, and saw 4 of its levels.

You collected 219 gold pieces.

Inventory:

Hand Weapons
 a - a +0 war axe (weapon)
 c - a +0 flail
 n - a +0 war axe
Armour
 e - a +0 chain mail (worn)
 o - a +1 tower shield (worn)
Wands
 l - a wand of polymorph (10)
Scrolls
 b - 3 scrolls of teleportation
 g - 2 scrolls of summoning
Potions
 d - a potion of might
 f - a potion of flight
 h - a potion of resistance
 i - a potion of ambrosia
 j - a potion of haste {unknown}
 k - a potion of attraction {unknown}
 m - 2 potions of curing {unknown}


   Skills:
 + Level 4.3 Fighting
 + Level 4.1 Axes
 + Level 4.3 Armour
 + Level 4.6 Shields
 * Level 2.0 Evocations


You had 5 spell levels left.
You didn't know any spells.
Your spell library contained the following spells:

 Spells                   Type           Power      Damage    Failure   Level
 Call Canine Familiar     Summ           0%         N/A       100%        3
 Portal Projectile        Hex/Tloc       0%         N/A       100%        3
 Leda's Liquefaction      Hex/Erth       0%         N/A       100%        4


Dungeon Overview and Level Annotations

Branches:
Dungeon (4/15)
 Temple: D:4-7

Altars:
Makhleb
Qazlal

Shops:
D:4 ?

Annotations:
D:4 Menkaure


Innate Abilities, Weirdness & Mutations

You are immune to sickness and miasma.
Your stone body is resilient. (AC +4)
You are immune to poison.
You resist negative energy. (rN+)
You are resistant to electric shocks. (rElec)
You are resistant to unholy torment.
You are immune to petrification.


Message History

You hit the ogre.
The ogre is severely wounded.
You hit the goblin. You slash Menkaure! You block Menkaure's attack.
You block the ogre's attack. The goblin completely misses you.
You block Menkaure's attack. You block the goblin's attack.
Unknown command.
You hit the ogre.
The ogre is almost dead.
You slash Menkaure! You barely miss the goblin. You block Menkaure's attack.
You block the ogre's attack. The goblin hits you but does no damage.
Menkaure hits you but does no damage.
The ogre hits you with a +0 giant spiked club.
The goblin hits you with a +0 club.
You slash the ogre!
You kill the ogre!
You closely miss the goblin. You hit Menkaure.
Menkaure points at you and mumbles some strange words.
Pain shoots through your body!
Menkaure's bandages flutter.
Menkaure hits you! The goblin hits you with a +0 club.
* * * LOW HITPOINT WARNING * * *
You block Menkaure's attack.
Your Evocations skill increases to level 2!
You hit the orc.
The orc is severely wounded.
You closely miss Menkaure. You miss the goblin.
The orc hits you but does no damage. You block the goblin's attack.
Menkaure calls on the powers of darkness!
Your body is wracked with pain!
* * * LOW HITPOINT WARNING * * *
The orc hits you but does no damage. The goblin hits you but does no damage.
Menkaure hits you but does no damage.
You hit the orc.
You kill the orc!
You hit Menkaure. You closely miss the goblin. Menkaure hits you!
* * * LOW HITPOINT WARNING * * *
You block the goblin's attack. Menkaure barely misses you.
The goblin closely misses you. Menkaure hits you!
You die...

#.......#'#########....
#......................
###......................
.........................
...####'##...............
#.....########'###....
#.....#.....'....#....
..#####'##....#....'....
......M@g#....######....
.........#....#......#'#
##.......#....#......#..
#.......#....#......'..
#.......#....#......#..
#.......#....#......#..
#.......#....#......#'#
#.......#....#.....##..
#....+.....#...


You could see Menkaure (fast) and a goblin.

Vanquished Creatures
  A black bear (D:4)
  2 ogres (D:4)
  A crimson imp (D:4)
  An iguana (D:4)
  Terence (D:2)
  An adder (D:2)
  An ufetubus (D:4)
  A worm (D:2)
  5 dart slugs
  5 orcs
  6 bats
  5 endoplasms
  A giant cockroach (D:1)
  8 goblins
  7 hobgoblins
  2 jackals (D:3)
  3 quokkas
  6 ball pythons
  3 frilled lizards
  3 kobolds
  8 rats
71 creatures vanquished.

Notes
Turn   | Place    | Note
-------+----------+-------------------------------------------
     0 | D:1      | bande the Gargoyle Fighter began the quest for the Orb.
     0 | D:1      | Reached XP level 1. HP: 14/14 MP: 1/1
   511 | D:1      | Reached XP level 2. HP: 14/19 MP: 2/2
   915 | D:1      | Found a burning altar of Makhleb.
  1035 | D:1      | Reached XP level 3. HP: 22/24 MP: 3/3
  1086 | D:1      | Found a faded altar of an unknown god.
  1820 | D:2      | Reached XP level 4. HP: 27/29 MP: 4/4
  1858 | D:2      | Noticed Terence
  1871 | D:2      | Killed Terence
  2452 | D:3      | Found a stormy altar of Qazlal.
  3248 | D:4      | Reached XP level 5. HP: 29/33 MP: 5/5
  3336 | D:4      | Reached skill level 1 in Evocations
  3488 | D:4      | Noticed an ogre
  3498 | D:4      | Killed an ogre
  3499 | D:4      | Reached XP level 6. HP: 36/38 MP: 6/6
  3632 | D:4      | Found Uneyjad's Magic Scroll Shoppe.
  3651 | D:4      | Noticed a black bear
  3657 | D:4      | Killed a black bear
  3919 | D:4      | Noticed Menkaure
  3928 | D:4      | Mangled by Menkaure

Illustrated notes

Levels and vault maps discovered:
D:1:      lemuel_arrival_room, layout_loops_corners,
          hellmonk_ecumenical_altar_pennies_from_heaven, minmay_hexomino_r4
D:2:      layout_loops_ring, minmay_misc_feat_more_columns,
          minmay_misc_feat_ornament, uniq_terence
D:3:      minmay_chambers_of_twos, layout_basic,
          nicolae_qazlal_general_emergency, kennysheep_decorative_pillar,
          hangedman_abyss_or_decor_lesser_grid
D:4:      layout_gridville, serial_shops, nicolae_shop_waterfront,
          minmay_fire_ice_demons, uniq_menkaure

Skill      XL: |  1  2  3  4  5  6 |
---------------+-------------------+-----
Axes           | 2 3 4 |  4.1
Fighting       | 4 |  4.3
Armour         | 4 |  4.3
Evocations     | 1 2 |  2.0
Shields        | 4 |  4.6

Action                   |  1- 3 |  4- 6 || total
-------------------------+-------+-------++-------
Melee: War axe           |   104 |   125 ||   229
  Use: Scroll            |     5 |     5 ||    10
Armor: Scale mail        |    57 |    39 ||    96
       Chain mail        |       |    56 ||    56
Dodge: Dodged            |    36 |    23 ||    59
Block: Buckler           |    19 |       ||    19
       Tower shield      |     1 |   126 ||   127

Table legend: (Time is in decaauts)
 A = Elapsed time spent in this place.
 B = Non-inter-level travel time spent in this place.
 C = Inter-level travel time spent in this place.
 D = Time resting spent in this place.
 E = Time spent auto-exploring this place.
 F = Levels seen in this place.
 G = Mean time per level.
                   A        B        C        D        E       F      G
               +--------+--------+--------+--------+--------+-----+--------+
         Total |   4066 |   3918 |    148 |    336 |   2919 |   4 | 1016.5 |
       Dungeon |   4066 |   3918 |    148 |    336 |   2919 |   4 | 1016.5 |
               +--------+--------+--------+--------+--------+-----+--------+

Top non-repeatable levels by time:
     D:1: 1324 daAuts
     D:2: 1186 daAuts
     D:3: 830 daAuts
     D:4: 725 daAuts
